 Dungeon Crawl Stone Soup version 0.22.1-2-g9c5b331 (webtiles) character file.

241 empire the Slasher (level 5, -5/46 HPs)
             Began as a Minotaur Fighter on Nov 23, 2018.
             Killed by divine providence
             ... invoked by an orc priest
              (13 damage)
             ... on level 3 of the Dungeon.
             The game lasted 00:04:37 (2287 turns).

empire the Slasher (Minotaur Fighter)               Turns: 2287, Time: 00:04:38

Health: -5/46      AC:  7    Str: 22    XL:     5   Next: 80%
Magic:  4/4        EV: 12    Int:  5    God:
Gold:   250        SH: 10    Dex: 14    Spells: 4/4 levels left

rFire    . . .     SeeInvis .   a - +0 long sword
rCold    . . .     Gourm    .   c - +0 shield
rNeg     . . .     Faith    .   m - +0 scale mail (curse)
rPois    .         Spirit   .   (helmet restricted)
rElec    .         Reflect  .   (no cloak)
rCorr    .         Harm     .   (no gloves)
MR       .....                  (no boots)
Stlth    +.........             (no amulet)
HPRegen  0.15/turn              (no ring)
MPRegen  0.09/turn              (no ring)

@: agile
A: retaliatory headbutt, horns 2
a: no special abilities


You were on level 3 of the Dungeon.
You were not hungry.

You visited 1 branch of the dungeon, and saw 3 of its levels.

You collected 250 gold pieces.

Inventory:

Hand Weapons
 a - a +0 long sword (weapon)
Armour
 c - a +0 shield (worn)
 m - a cursed +0 scale mail (worn)
Jewellery
 p - a +3 ring of strength {unknown}
Scrolls
 h - a scroll of immolation {unknown}
 k - 3 scrolls of magic mapping {unknown}
 n - a scroll of enchant weapon {unknown}
 o - a scroll of teleportation {unknown}
 r - a scroll of fear {unknown}
 u - a scroll of fog {unknown}
 v - a scroll of noise {unknown}
Potions
 d - a potion of curing
 g - a potion of cancellation {unknown}
 i - a potion of heal wounds {unknown}
 j - a potion of lignification {unknown}
 l - a potion of resistance {unknown}
 q - a potion of haste {unknown}
 s - a potion of flight {unknown}
 t - a potion of ambrosia {unknown}
Comestibles
 b - 3 chunks of flesh
 f - 7 rations


   Skills:
 - Level 4.0 Fighting
 * Level 6.7 Long Blades
 - Level 4.1 Armour
 - Level 4.0 Shields


You had 4 spell levels left.
You didn't know any spells.
Your spell library was empty.

Dungeon Overview and Level Annotations

Branches:
Dungeon (3/15)

Altars:
Ashenzari


Innate Abilities, Weirdness & Mutations

You reflexively headbutt those who attack you in melee.
You have a pair of horns on your head.


Message History

a mace; a dagger; a robe; an orc corpse; a frilled lizard corpse You closely miss the orc priest.
You block the orc priest's attack.
You closely miss the orc priest. Your headbutt misses the orc priest.
You block the orc priest's attack.
You closely miss the orc priest.
The orc priest hits you but does no damage.
You hit the orc priest.
The orc priest is lightly wounded.
You block the orc priest's attack.
You hit the orc priest but do no damage.
The orc priest is lightly wounded.
The orc priest hits you but does no damage.
Your shield and scale mail prevent you from hitting the orc priest.
The orc priest is lightly wounded.
The orc priest hits you with a mace.
* * * LOW HITPOINT WARNING * * *
You feel better.
The orc priest mumbles some strange prayers to Beogh against you.
Beogh smites you!
You die...

..#.#
#.........#
....#
#.........#
.#..#
#.........#
.#..#
#.........#
.#..########
#.........+
##..##.....#
#.........#
#..##.###.#
#.........#
##.##.# #.# #o#
#.##.# #.#####@#
#>##.# #.......#
#.##.# #########
#.##.###........
#.##...........#
#.######.###...#
#...............
#######.######.#
#.#


You could see an orc priest.

Vanquished Creatures
  Jessica (D:2)
  An orc wizard (D:3)
  Natasha (twice) (D:2)
  Robin (D:2)
  5 adders
  An ooze (D:2)
  3 worms
  3 leopard geckos
  3 orcs (D:3)
  A giant cockroach (D:2)
  16 goblins
  11 hobgoblins
  2 jackals (D:1)
  A quokka (D:3)
  4 bats
  5 frilled lizards
  4 kobolds
  8 rats
72 creatures vanquished.

Notes
Turn   | Place    | Note
-------+----------+-------------------------------------------
     0 | D:1      | empire the Minotaur Fighter began the quest for the Orb.
     0 | D:1      | Reached XP level 1. HP: 19/19 MP: 0/0
   345 | D:1      | Reached XP level 2. HP: 27/27 MP: 1/1
   354 | D:1      | Reached skill level 3 in Long Blades
   656 | D:2      | Noticed Jessica
   661 | D:2      | Killed Jessica
   661 | D:2      | Reached XP level 3. HP: 33/33 MP: 2/2
   778 | D:2      | Noticed Robin
   808 | D:2      | Reached skill level 4 in Long Blades
   809 | D:2      | Reached XP level 4. HP: 13/40 MP: 3/3
   826 | D:2      | Killed Robin
  1057 | D:2      | Noticed Natasha
  1068 | D:2      | Killed Natasha
  1068 | D:2      | Reached skill level 5 in Long Blades
  1178 | D:2      | Reached XP level 5. HP: 41/46 MP: 4/4
  1434 | D:2      | Noticed Natasha
  1440 | D:2      | Killed Natasha
  1440 | D:2      | Reached skill level 6 in Long Blades
  2085 | D:3      | Found a shattered altar of Ashenzari.
  2286 | D:3      | HP: 2/46 [orc priest/mace (4)]
  2287 | D:3      | Killed from afar by an orc priest

Skill      XL: |  1  2  3  4  5 |
---------------+----------------+-----
Long Blades    | 3 4 5 6 |  6.7
Fighting       | 4 |  4.0
Armour         | 4 |  4.1
Shields        | 4 |  4.0

Action                   |  1- 3 |  4- 6 || total
-------------------------+-------+-------++-------
Melee: Long sword        |    56 |   127 ||   183
       Headbutt          |     5 |    20 ||    25
  Use: Potion            |     3 |     3 ||     6
  Eat: Chunk             |       |     5 ||     5
Armor: Scale mail        |    42 |    48 ||    90
Dodge: Dodged            |    26 |    25 ||    51
Block: Shield            |    39 |    50 ||    89
       Rpst.: Long sword |     6 |     5 ||    11
